 Dungeon Crawl Stone Soup version 0.25.1-2-g60ff931df9 (webtiles) character file.

Game seed: 8958647539299107100

32 Chiseanne the Magician (level 3, -1/24 HPs)
             Began as a Demonspawn Wizard on Oct 8, 2020.
             Slain by an orc
             ... wielding a +0 hand axe
              (7 damage)
             ... on level 3 of the Dungeon.
             The game lasted 00:01:44 (1830 turns).

Chiseanne the Magician (Demonspawn Wizard)          Turns: 1830, Time: 00:01:44

Health: -1/24      AC:  4    Str:  7    XL:     3   Next: 10%
Magic:  1/8        EV: 12    Int: 20    God:
Gold:   42         SH:  0    Dex: 11    Spells: 8/9 levels left

rFire    . . .     SeeInvis .   o - +0 dagger (elec)
rCold    . . .     Gourm    .   (no shield)
rNeg     . . .     Faith    .   a - +0 robe
rPois    .         Spirit   .   b - +0 hat
rElec    .         Reflect  .   m - +0 cloak
rCorr    .         Harm     .   k - +0 pair of gloves
MR       .....                  (no boots)
Stlth    ++........             (no amulet)
HPRegen  0.08/turn              (no ring)
MPRegen  0.11/turn              (no ring)

@: very slightly contaminated
A: spiny 1
a: no special abilities


You were on level 3 of the Dungeon.
You were not hungry.

You visited 1 branch of the dungeon, and saw 3 of its levels.

You collected 42 gold pieces.

Inventory:

Hand Weapons
 o - a +0 dagger of electrocution (weapon)
Missiles
 g - 35 stones (quivered)
 i - 15 poisoned darts
 j - a throwing net
 r - 16 bolts
Armour
 a - a +0 robe (worn)
 b - a +0 hat (worn)
 k - a +0 pair of gloves (worn)
 m - a +0 cloak (worn)
Jewellery
 h - an uncursed ring of fire
Wands
 t - a wand of disintegration (11)
Scrolls
 f - 2 scrolls of teleportation
 p - a scroll of noise {unknown}
Potions
 c - a potion of flight {unknown}
 e - a potion of stabbing {unknown}
 l - a potion of ambrosia {unknown}
 n - a potion of curing {unknown}
 q - a potion of haste {unknown}
 s - a potion of resistance {unknown}
Comestibles
 d - 2 rations


   Skills:
 - Level 1.7 Dodging
 - Level 1.7 Stealth
 * Level 3.5 Spellcasting
 * Level 2.2 Conjurations
   Level 1.0 Summonings
   Level 0.8 Translocations


You had 8 spell levels left.
You knew the following spells:

 Your Spells              Type           Power        Failure   Level  Hunger
a - Magic Dart            Conj           ##..         5%          1    None

Your spell library contained the following spells:

 Spells                   Type           Power        Failure   Level  Hunger
 Blink                    Tloc           N/A          14%         2    ##.....
 Call Imp                 Summ           #.......     14%         2    ##.....
 Slow                     Hex            #.......     21%         2    ##.....
 Conjure Flame            Conj/Fire      #.......     26%         3    ###....
 Mephitic Cloud           Conj/Pois/Air  #.......     30%         3    ###....


Dungeon Overview and Level Annotations

Branches:
Dungeon (2/15)

Altars:


Innate Abilities, Weirdness & Mutations

You are partially covered in sharp spines.


Message History

You miscast Magic Dart.
You are very lightly contaminated with residual magic.
Nothing appears to happen.
The orc barely misses you.
You closely miss the orc.
The orc is heavily wounded.
The orc hits you but does no damage.
You hit the orc.
The orc is severely wounded.
The orc barely misses you.
You closely miss the orc.
The orc is severely wounded.
The orc hits you with a +0 hand axe!
You hit the orc but do no damage.
The orc is severely wounded.
The orc hits you with a +0 hand axe.
* * * LOW HITPOINT WARNING * * *
You hit the orc but do no damage.
The orc is severely wounded.
The orc hits you with a +0 hand axe!
You die...

#) . .# . .# .
#>#.###.#
#.#...#.#
####.......#
...........###.
...$...†o......
#.@...#
...........#
.###.##.#.## #
#.#.# ... . #.#
## #.. ###


You could see an orc.

Vanquished Creatures
  2 oozes
  A leopard gecko (D:1)
  2 giant cockroaches
  4 hobgoblins (D:1)
  A quokka (D:2)
  A ball python (D:1)
  2 bats
  A frilled lizard (D:2)
  3 goblins
  A kobold (D:1)
  4 rats
22 creatures vanquished.

Notes
Turn   | Place    | Note
-------+----------+-------------------------------------------
     0 | D:1      | Chiseanne the Demonspawn Wizard began the quest for the
                  | Orb.
     0 | D:1      | Reached XP level 1. HP: 13/13 MP: 4/4
   510 | D:1      | Gained mutation: You are partially covered in sharp spines.
                  | [demonic ancestry]
   510 | D:1      | Reached XP level 2. HP: 15/19 MP: 0/6
  1595 | D:2      | Reached XP level 3. HP: 24/24 MP: 0/8
  1817 | D:2      | You fall into a shaft and drop 1 floor!
  1830 | D:3      | Slain by an orc

Illustrated notes

Levels and vault maps discovered:
D:1:      co_arrival_square_in_a_square_in_a_square, layout_basic
D:2:      layout_loops_ring, kennysheep_slug_shrine, roderic_roman_lattice,
          supply_closet_lemuel
D:3:      layout_loops_ring

Skill      XL: |  1  2 |
---------------+-------+-----
Conjurations   | 2 |  2.2
Dodging        | |  1.7
Stealth        | |  1.7
Spellcasting   | |  3.5
Summonings     | |  1.0
Translocations | |  0.8

Action                   || total
-------------------------++-------
Melee: Club              ||     2
       Dagger            ||    12
 Cast: Magic Dart        ||    56
  Use: Scroll            ||     3
  Eat: Chunk             ||     3
Armor: Robe              ||     8
Dodge: Dodged            ||     6
